 Dungeon Crawl Stone Soup version 0.31-a0-431-g88bdf31460 (webtiles) character file.

Game seed: 17965244118603468335

8 Xavori the Trooper (level 2, 25/25 HPs)
             Began as a Djinni Chaos Knight on Aug 16, 2021.
             Was a Plaything of Xom.
             Quit the game on level 1 of the Dungeon on Aug 1, 2023.
             The game lasted 00:01:21 (532 turns).

Xavori the Trooper (Djinni Chaos Knight)             Turns: 532, Time: 00:01:21

Health: 25/25      AC:  5    Str: 11    XL:     2   Next: 15%
Gold:   17         EV:  9    Int: 13    God:    Xom [......] SH:  7 Dex: 12

rFire   + + .        a - +0 falchion (chaos)
rCold   x . .        g - +0 kite shield
rNeg    . . .        b - +2 leather armour
rPois   ∞            (no helmet)
rElec   .            (no cloak)
rCorr   .            (no gloves)
SInv    .            (boots unavailable)
Will    .....        (no amulet)
Stlth   +            (no ring)
HPRegen 0.24/turn    (no ring)
MPRegen 0.00/turn

%: no passive effects
@: flying
A: sickness immunity, fire resistance 2, cold vulnerability 1, float, innate
caster, HP casting, extra vitality 1
a: Renounce Religion


You were on level 1 of the Dungeon.
You worshipped Xom.
You were a very special plaything of Xom.
You visited 1 branch of the dungeon, and saw 1 of its levels.

You collected 17 gold pieces.

Inventory:

Hand Weapons
 a - a +0 falchion of chaos (weapon)
Armour
 b - a +2 leather armour (worn)
 g - a +0 kite shield (worn)
Scrolls
 d - a scroll of brand weapon {unknown}
 e - a scroll of noise {unknown}
 f - a scroll of identify {unknown}
Potions
 c - a potion of lignification {unknown}
 h - a potion of degeneration {unknown}


   Skills:
 + Level 3.1 Fighting
 + Level 3.0 Long Blades
 + Level 1.0 Armour
 * Level 2.2 Dodging You didn't know any spells. Your spell library was empty.

Dungeon Overview and Level Annotations

Branches:
Dungeon (1/15)

Altars:


Innate Abilities, Weirdness & Mutations

You are immune to sickness and miasma.
You are immune to poison.
Your flesh is very heat resistant. (rF++)
You are vulnerable to cold. (rC-)
You float through the air rather than walking.
You learn spells naturally, not from books.
Your magical power is your life essence.
You have superior vitality. (+4 MHP)


Message History

No target in view!
No target in view!
No target in view!
No target in view!
An endoplasm comes into view.
You hit the endoplasm. You freeze the endoplasm.
You kill the endoplasm!
No target in view!
No target in view!
No target in view!
You don't have any such object.
Fire/throw which item? (Showing full inventory) (? for menu, Esc to quit)
Okay, then.
Unknown command.
Search for what [? for help]? shield You see here a +0 kite shield.
g - a +0 kite shield You start putting on your armour.
You continue putting on your +0 kite shield. x4
You finish putting on your +0 kite shield.
h - a glowing golden potion No target in view!
You now have 5 gold pieces.
You now have 17 gold pieces (gained 12).
Found a dagger.
No target in view!
Found a robe.
No target in view!
No target in view!
Done exploring.
Done exploring.
No target in view!
Done exploring.
No target in view!
No target in view!
No target in view!
Welcome back, Xavori the Djinni Chaos Knight.
Xom snickers.
Press ? for a list of commands and other information.
Are you sure you want to abandon this character and quit the game? (Confirm with "yes".)

#.......###.^_.##.....##
........#...^^.###...##
.##.....#.###### #####
.##.......# .##.......##
###.....#..###
....######...# .....##
###.########### ......#
#....@......# ......#
#...........#
......#######..........#
.....).................#
......#######..........#
......# #..........#
.....## ############
.###.# .#[#.#


There were no monsters in sight!

Vanquished Creatures
  2 endoplasms (D:1)
  A goblin (D:1)
  A hobgoblin (D:1)
  A kobold (D:1)
  A bat (D:1)
  A frilled lizard (D:1)
7 creatures vanquished.

Notes
Turn   | Place    | Note
-------+----------+-------------------------------------------
     0 | D:1      | Xavori the Djinni Chaos Knight began the quest for the Orb.
     0 | D:1      | Reached XP level 1. HP: 20/20 MP: 0/0
   123 | D:1      | XOM: silly message
   274 | D:1      | Found a faded altar of an unknown god.
   319 | D:1      | Reached XP level 2. HP: 25/25 MP: 0/0
   532 | D:1      | Upgraded the game from 0.28-a0-172-g787e458d71 to
                  | 0.31-a0-431-g88bdf31460
   532 | D:1      | Quit the game

Illustrated notes

Levels and vault maps discovered:
D:1:      amcnicky_arrival_blooded_trapdoor, layout_rooms,
          ebering_ecumenical_altar_webs, item_on_display_a

Skill      XL: |  1 |
---------------+----+-----
Long Blades    | 3 |  3.0
Fighting       | |  3.1
Armour         | |  1.0
Dodging        | |  2.2

Action                     || total
---------------------------++-------
  Melee: Falchion          ||    15
 Armour: Leather armour    ||     6
  Dodge: Dodged            ||     8
Riposte: Falchion          ||     2

Table legend: (Time is in decaauts)
 A = Elapsed time spent in this place.
 B = Non-inter-level travel time spent in this place.
 C = Inter-level travel time spent in this place.
 D = Time resting spent in this place.
 E = Time spent auto-exploring this place.
 F = Levels seen in this place.
 G = Mean time per level.
                   A        B        C        D        E       F      G
               +--------+--------+--------+--------+--------+-----+--------+
         Total |    534 |    520 |     14 |      0 |    464 |   1 |  534.0 |
       Dungeon |    534 |    520 |     14 |      0 |    464 |   1 |  534.0 |
               +--------+--------+--------+--------+--------+-----+--------+

Top non-repeatable levels by time:
     D:1: 534 daAuts
